 Dungeon Crawl Stone Soup version 0.25.0-26-g0c896c7088 (webtiles) character file.

Game seed: 8891369491440468036

93 Ethylacetat the Ruffian (level 4, -3/38 HPs)
             Began as a Naga Transmuter on July 4, 2020.
             Slain by an orc
             ... wielding a +0 flail
              (9 damage)
             ... on level 3 of the Dungeon.
             The game lasted 00:06:06 (2529 turns).

Ethylacetat the Ruffian (Naga Transmuter)           Turns: 2529, Time: 00:06:06

Health: -3/38      AC:  2    Str: 12      XL:     4   Next: 62%
Magic:  7/7        EV: 10    Int: 13 (15) God:
Gold:   52         SH:  0    Dex: 10 (11) Spells: 3/7 levels left

rFire    + . .     SeeInvis +   h - -2 spear (curse)
rCold    . . .     Gourm    .   (no shield)
rNeg     . . .     Faith    .   b - +0 robe
rPois    +         Spirit   .   (no helmet)
rElec    .         Reflect  .   (no cloak)
rCorr    .         Harm     .   (no gloves)
MR       .....                  (no barding)
Stlth    +.........             (no amulet)
HPRegen  0.12/turn              g - ring of protection from fire
MPRegen  0.10/turn              (no ring)

@: short of breath, very slow
A: large, see invisible, deformed body, poison resistance, slowness 2, slow
metabolism 1, spit poison 1, AC +1
a: Spit Poison


You were on level 3 of the Dungeon.
You were not hungry.

You visited 1 branch of the dungeon, and saw 3 of its levels.

You collected 52 gold pieces.

Inventory:

Hand Weapons
 h - a cursed -2 spear (weapon)
Missiles
 a - 36 arrows
Armour
 b - a +0 robe (worn)
Jewellery
 g - a ring of protection from fire (left hand)
Scrolls
 e - 2 scrolls of identify
 f - 3 scrolls of teleportation
Potions
 i - a potion of haste {unknown}
Comestibles
 c - 4 chunks of flesh
 d - 5 rations


   Skills:
 - Level 1.1 Fighting
 - Level 2.0 Dodging
 - Level 3.5 Unarmed Combat
 + Level 2.4 Spellcasting
 * Level 3.1 Transmutations
 + Level 1.6 Poison Magic


You had 3 spell levels left.
You knew the following spells:

 Your Spells              Type           Power        Failure   Level  Hunger
a - Beastly Appendage     Tmut           #.....       7%          1    #......
b - Spider Form           Tmut/Pois      #.........   26%         3    ###....

Your spell library contained the following spells:

 Spells                   Type           Power        Failure   Level  Hunger
 Sticks to Snakes         Tmut           #.......     10%         2    ###....
 Ice Form                 Ice/Tmut       #.......     77%         4    #####..
 Blade Hands              Tmut           #.........   88%         5    ######.


Dungeon Overview and Level Annotations

Branches:
Dungeon (3/15)

Altars:


Innate Abilities, Weirdness & Mutations

You cannot wear boots.
Your serpentine skin is tough. (AC +1)
You have supernaturally acute eyesight. (SInv)
Armour fits poorly on your strangely shaped body.
Your system is resistant to poisons. (rPois)
You cover ground very slowly.
You have a slow metabolism.
You can spit poison.


Message History

The orc hits you with a +0 flail!
You hit the orc but do no damage. The orc closely misses you.
You hit the orc but do no damage. The orc hits you with a +0 flail!
* * * LOW HITPOINT WARNING * * *
You barely miss the orc.
You have got your breath back.
The orc hits you but does no damage.
Press: ? - help, Shift-Dir - straight line, f - adder, p - orc
Aim: an adder The splash of poison hits the orc.
The orc is moderately wounded.
You feel slightly more hungry. The orc closely misses you.
You hit the orc.
The orc is moderately wounded.
The orc hits you with a +0 flail.
* * * LOW HITPOINT WARNING * * *
You hit the orc.
The orc is almost dead.
The orc hits you with a +0 flail!
You die...

..##..#.# #########
..##..#.####.......#
...........>.#####..
.##...##.###.#
......##.#.รท.# #
.##...##.#.#.# .#
##### #.....#####.#
##.##.......#
#.######@### ... #o#
## #S..o....
######.##


You could see an adder and an orc.

Vanquished Creatures
  An orc wizard (D:3)
  3 adders
  A worm (D:3)
  4 dart slugs
  An orc (D:3)
  2 giant cockroaches
  3 goblins
  5 hobgoblins
  2 kobolds (D:2)
  A ball python (D:1)
  5 bats
  2 frilled lizards
  A rat (D:3)
31 creatures vanquished.

Notes
Turn   | Place    | Note
-------+----------+-------------------------------------------
     0 | D:1      | Ethylacetat the Naga Transmuter began the quest for the
                  | Orb.
     0 | D:1      | Reached XP level 1. HP: 18/18 MP: 3/3
   473 | D:1      | Reached XP level 2. HP: 14/25 MP: 5/5
   954 | D:1      | You fall into a shaft and drop 1 floor!
   999 | D:2      | Reached XP level 3. HP: 11/31 MP: 6/6
  1004 | D:2      | Learned a level 3 spell: Spider Form
  2318 | D:3      | Reached skill level 1 in Poison Magic
  2318 | D:3      | Reached XP level 4. HP: 25/38 MP: 7/7
  2529 | D:3      | Slain by an orc

Illustrated notes

Levels and vault maps discovered:
D:1:      minmay_arrival_doors, layout_basic
D:2:      layout_basic
D:3:      layout_loops_cross, uniq_grinder

Skill      XL: |  1  2  3  4 |
---------------+-------------+-----
Dodging        | 2 |  2.0
Poison Magic   | 1 |  1.6
Transmutations | 3 |  3.1
Fighting       | |  1.1
Unarmed Combat | |  3.5
Spellcasting   | |  2.4

Action                   |  1- 3 |  4- 6 || total
-------------------------+-------+-------++-------
Melee: Spear             |   139 |    21 ||   160
       Unarmed           |     3 |       ||     3
 Abil: Spit Poison       |    24 |     6 ||    30
  Use: Potion            |     4 |       ||     4
       Scroll            |     3 |       ||     3
  Eat: Chunk             |     4 |     1 ||     5
Armor: Robe              |    20 |     3 ||    23
       Skin              |    31 |       ||    31
Dodge: Dodged            |    60 |     8 ||    68
